AoeStats
← Niroxs

Nomad

509303786Analyzed
2v2 RM · 5d ago on Sep 26, 2026· 66m 12s· 4 players
Game mode
Random Map
Map size
176×176
Population
200
Speed
Normal
Resources
Standard
Victory
Conquest
Starting age
Dark Age
Ending age
Imperial Age
RankedLock teamsTeams togetherTeam positionsShared explorationLock speedFull tech treeHidden civsTurbo modeCheats
Victory
Defeat
🇨🇭 Dravidians · Switzerland
1746
+11
🇪🇸 Italians · Spain
1428
+23
🇬🇧 Spanish · United Kingdom
1693
-20
🇳🇴 Persians · Norway
1533
-14
[GRR] Lemmit
8:17 Loom
12:18 Feudal Age
16:58 Castle Age
15:11 Double-Bit Axe
16:08 Horse Collar
16:32 Gold Mining
16:54 Bloodlines
16:53 Scale Barding Armor
17:49 Bow Saw
18:07 Town Watch
20:06 Wheelbarrow
22:55 Heavy Plow
24:20 Fletching
25:42 Coinage
26:46 Stone Mining
33:53 Imperial Age
31:33 Bodkin Arrow
32:18 Murder Holes
33:12 Stone Shaft Mining
35:17 Forging
34:31 Light Cavalry
38:18 Crop Rotation
37:20 Capped Ram
39:03 Two-Man Saw
39:36 Chemistry
38:57 Ballistics
40:24 Conscription
40:19 Citadels
41:01 Masonry
42:40 Architecture
42:24 Guilds
44:59 Chain Barding Armor
45:15 Iron Casting
44:38 Guard Tower
44:54 Husbandry
46:07 Hoardings
46:39 Plate Barding Armor
47:46 Hand Cart
48:26 Guard Tower
48:50 Devotion
49:18 Padded Archer Armor
53:41 Kamandaran
54:22 Leather Archer Armor
54:36 Crossbowman
59:38 Ring Archer Armor
Flipper the Priest
4:58 Loom
13:18 Feudal Age
17:27 Castle Age
16:42 Double-Bit Axe
17:38 Horse Collar
32:50 Fletching
41:00 Bodkin Arrow
43:58 Sanctity
44:52 Scale Barding Armor
45:42 Inquisition
47:59 Chain Barding Armor
57:08 Imperial Age
55:50 Bloodlines
55:58 Fervor
56:07 Town Watch
57:37 Husbandry
58:08 Block Printing
58:33 Theocracy
58:50 Illumination
59:22 Plate Barding Armor
61:20 Redemption
61:32 Padded Archer Armor
63:11 Elite Skirmisher
Niroxs
12:08 Feudal Age
12:55 Double-Bit Axe
13:04 Gold Mining
16:12 Fletching
18:53 Castle Age
17:13 Fletching
20:55 Bodkin Arrow
28:10 Loom
34:56 Padded Archer Armor
40:05 Leather Archer Armor
41:06 Ballistics
49:33 Imperial Age
48:09 Scale Barding Armor
47:54 Light Cavalry
49:42 Elite Elephant Archer
53:25 Bracer
FeoXVI
4:08 Loom
12:30 Feudal Age
16:47 Castle Age
17:02 Double-Bit Axe
17:36 Town Watch
17:43 Fletching
18:06 Gold Mining
19:14 Padded Archer Armor
22:02 Bow Saw
22:10 Leather Archer Armor
24:40 Bodkin Arrow
26:51 Ballistics
33:55 Wheelbarrow
37:25 Imperial Age
35:43 Hand Cart
36:33 Bloodlines
37:40 Fishing Lines
38:22 Scale Barding Armor
38:28 Forging
39:01 Cavalier
42:03 Husbandry
47:25 Stone Mining
49:28 Chain Barding Armor
55:50 Iron Casting
58:00 Horse Collar
60:39 Capped Ram
60:59 Light Cavalry
61:58 Hussar
64:19 Conscription
Connection lost

Rejoining the realm…

Still unreachable

The connection could not be restored.

Session expired

The server has moved on; the page needs a fresh start.